 Dungeon Crawl Stone Soup version 0.23.2-40-g277498a001 (webtiles) character file.

Game seed: 2515841220432588646

2140 CitizenNev the Basher (level 9, -1/82 HPs)
             Began as a Gargoyle Fighter on Aug 21, 2019.
             Was a Follower of Okawaru.
             Killed from afar by an electric eel (4 damage)
             ... with a bolt of electricity
             ... on level 7 of the Dungeon.
             The game lasted 00:24:00 (6653 turns).

CitizenNev the Basher (Gargoyle Fighter)            Turns: 6653, Time: 00:24:01

Health: -1/82      AC: 18    Str: 28    XL:     9   Next: 30%
Magic:  9/9        EV:  8    Int:  9    God:    Okawaru [*.....]
Gold:   269        SH: 10    Dex:  9    Spells: 8/8 levels left

rFire    + . .     SeeInvis +   m - +1 flail (crush)
rCold    . . .     Gourm    .   c - +0 shield
rNeg     + . .     Faith    .   b - +0 scale mail
rPois    ∞         Spirit   .   e - +0 helmet
rElec    +         Reflect  .   t - +2 cloak
rCorr    .         Harm     .   (no gloves)
MR       .....                  (no boots)
Stlth    ..........             (no amulet)
HPRegen  0.23/turn              n - ring of protection from fire
MPRegen  0.11/turn              i - ring of see invisible

@: berserking (expiring), quick
A: negative energy resistance 1, electricity resistance, unbreathing,
petrification resistance, rot immunity, AC +6
a: Heroism, Renounce Religion


You were on level 7 of the Dungeon.
You worshipped Okawaru.
Okawaru was aware of your devotion.
You were not hungry.

You visited 2 branches of the dungeon, and saw 8 of its levels.

You collected 269 gold pieces.

Inventory:

Hand Weapons
 m - a +1 flail of crushing (weapon)
Armour
 b - a +0 scale mail (worn)
 c - a +0 shield (worn)
 e - a +0 helmet (worn)
 t - a +2 cloak (worn)
Jewellery
 i - a ring of see invisible (right hand)
 n - a ring of protection from fire (left hand)
Wands
 o - a wand of paralysis (5)
 p - a wand of enslavement (6)
 r - a wand of random effects (30)
Scrolls
 a - a scroll of fog {unknown}
 g - 2 scrolls of identify
 k - 3 scrolls of remove curse
 l - 3 scrolls of teleportation
Potions
 d - a potion of might
 j - 2 potions of agility
Comestibles
 f - 9 rations
 q - 3 chunks of flesh


   Skills:
 * Level 6.0 Fighting
 - Level 10.0 Maces & Flails
 - Level 5.0 Armour
 - Level 5.3 Shields


You had 8 spell levels left.
You didn't know any spells.
Your spell library contained the following spells:

 Spells                   Type           Power        Failure   Level  Hunger
 Summon Small Mammal      Summ           #...         96%         1    ##.....
 Call Imp                 Summ           #.......     99%         2    ###....
 Call Canine Familiar     Summ           #.......     100%        3    ####...
 Summon Guardian Golem    Hex/Summ       #.......     100%        3    ####...
 Summon Ice Beast         Ice/Summ       #.......     100%        4    #####..
 Summon Lightning Spire   Summ/Air       #.......     100%        4    #####..


Dungeon Overview and Level Annotations

Branches:
Dungeon (7/15)             Temple (1/1) D:6

Altars:
Ashenzari
Dithmenos
Elyvilon
Fedhas
Gozag
Hepliaklqana
Nemelex Xobeh
Okawaru
Qazlal
Ru
Sif Muna
Trog
Uskayaw
Vehumet
Wu Jian
Xom
Yredelemnul
Zin
The Shining One


Innate Abilities, Weirdness & Mutations

You are resistant to torment.
Your stone body is resilient. (AC +6)
You are immune to poison.
You resist negative energy. (rN+)
You are resistant to electric shocks. (rElec)
You can survive without breathing.
You are immune to petrification.
You are immune to rotting.


Message History

The bolt of electricity hits you but does no damage.
You closely miss the electric eel.
Your unstable footing causes you to fumble your attack.
The electric eel shoots out a bolt of lightning at you!
The bolt of electricity misses you.
You hit the electric eel.
The electric eel is heavily wounded.
You barely miss the electric eel.
The electric eel is heavily wounded.
The electric eel shoots out a bolt of lightning at you!
The bolt of electricity hits you. You resist.
* * * LOW HITPOINT WARNING * * *
You closely miss the electric eel.
The electric eel is heavily wounded.
The electric eel shoots out a bolt of lightning at you!
The bolt of electricity misses you.
Your unstable footing causes you to fumble your attack.
The electric eel shoots out a bolt of lightning at you!
The bolt of electricity hits you. You resist.
You die...

...........'.'....#
...........###....##
..#...#....#######.##
.###.###.≈##≈# ##≈#
≈≈#≈≈ #.≈≈##≈≈##
#≈≈## ≈.
≈≈≈≈##≈≈≈≈≈##≈≈≈# ≈
.≈#.##≈≈≈≈≈≈≈#≈≈≈# ≈
#..# ≈≈≈≈≈≈≈≈#≈≈≈#
≈≈≈≈≈≈≈@≈≈≈≈#
≈≈≈≈≈≈≈;;†≈≈#
≈≈≈≈.#≈≈≈≈≈≈# ≈≈≈.
#≈≈≈≈≈≈# ≈≈. #≈≈≈≈≈≈#
## #≈≈#≈≈≈# #≈≈#≈≈≈#
#≈≈##≈## ### ###


You could see 2 electric eels.

Vanquished Creatures
  Pikel (D:6)
  Eustachio (D:5)
  Duvessa (D:4)
  An orc warrior (D:7)
  2 ogres
  2 bullfrogs
  Blork the orc (D:4)
  Dowan (D:4)
  2 electric eels (D:7)
  2 howler monkeys
  A bullfrog zombie (D:5)
  A quasit (D:7)
  Crazy Yiuf (D:4)
  An orc priest (D:7)
  2 hounds
  An iguana (D:5)
  Ijyb (D:4)
  4 orc wizards
  4 worker ants
  A mummy (D:6)
  5 gnolls
  9 adders
  A howler monkey skeleton (D:5)
  An ooze (D:2)
  An adder zombie (D:5)
  5 worms
  A dart slug (D:3)
  5 leopard geckos
  24 orcs
  4 ball pythons
  9 giant cockroaches
  8 goblins
  11 hobgoblins
  6 jackals
  8 quokkas
  8 bats
  6 frilled lizards
  A giant cockroach zombie (D:6)
  3 hobgoblin zombies (D:6)
  8 kobolds
  A kobold zombie (D:6)
  A quokka zombie (D:7)
  11 rats
168 creatures vanquished.

Vanquished Creatures (others)
  A quokka (D:6)
1 creature vanquished.

Grand Total: 169 creatures vanquished

Notes
Turn   | Place    | Note
-------+----------+-------------------------------------------
     0 | D:1      | CitizenNev the Gargoyle Fighter began the quest for the
                  | Orb.
     0 | D:1      | Reached XP level 1. HP: 14/14 MP: 1/1
   175 | D:1      | Reached XP level 2. HP: 16/19 MP: 2/2
   229 | D:1      | Reached skill level 3 in Maces & Flails
   745 | D:2      | Reached XP level 3. HP: 23/23 MP: 3/3
   781 | D:2      | Found a bloodstained altar of Trog.
   836 | D:2      | Found a deep blue altar of Sif Muna.
  1089 | D:2      | Reached skill level 4 in Maces & Flails
  1142 | D:2      | Reached XP level 4. HP: 20/28 MP: 4/4
  1278 | D:2      | Found a white marble altar of Elyvilon.
  1362 | D:2      | Found a sparkling altar of Nemelex Xobeh.
  1390 | D:2      | Found a basalt altar of Yredelemnul.
  1448 | D:2      | Reached skill level 5 in Maces & Flails
  1448 | D:2      | Reached XP level 5. HP: 30/32 MP: 5/5
  2479 | D:3      | Found a hazy altar of Hepliaklqana.
  2481 | D:3      | Found a hide-covered altar of Uskayaw.
  2481 | D:3      | Found a shattered altar of Ashenzari.
  2837 | D:3      | Found an opulent altar of Gozag.
  3155 | D:4      | Noticed Blork the orc
  3159 | D:4      | Noticed an ogre
  3171 | D:4      | Killed Blork the orc
  3171 | D:4      | Reached skill level 5 in Fighting
  3171 | D:4      | Reached XP level 6. HP: 36/40 MP: 6/6
  3230 | D:4      | Reached skill level 5 in Armour
  3230 | D:4      | Reached XP level 7. HP: 19/44 MP: 7/7
  3458 | D:4      | Noticed Duvessa
  3462 | D:4      | Noticed Dowan
  3494 | D:4      | Killed Duvessa
  3544 | D:4      | Killed Dowan
  3544 | D:4      | Reached skill level 5 in Shields
  3921 | D:4      | Found a runed translucent door.
  3922 | D:4      | Noticed Crazy Yiuf
  4091 | D:4      | Noticed Ijyb
  4100 | D:4      | Killed Ijyb
  4138 | D:4      | Killed Crazy Yiuf
  4276 | D:5      | Entered Level 5 of the Dungeon
  4304 | D:5      | Found a shadowy altar of Dithmenos.
  4682 | D:5      | Reached skill level 6 in Maces & Flails
  4793 | D:5      | Noticed Eustachio
  4809 | D:5      | Killed Eustachio
  4809 | D:5      | Reached XP level 8. HP: 40/49 MP: 8/8
  5278 | D:6      | Found a staircase to the Ecumenical Temple.
  5286 | Temple   | Entered the Ecumenical Temple
  5318 | Temple   | Became a worshipper of Warmaster Okawaru
  5640 | D:6      | Reached skill level 7 in Maces & Flails
  5671 | D:6      | Noticed Pikel
  5703 | D:6      | Killed Pikel
  5703 | D:6      | Reached * piety under Okawaru
  5703 | D:6      | Reached skill level 9 in Maces & Flails
  6018 | D:7      | Reached XP level 9. HP: 54/54 MP: 9/9
  6401 | D:7      | Reached skill level 10 in Maces & Flails
  6644 | D:7      | HP: 4/82 [electric eel/bolt of electricity (1)]
  6651 | D:7      | HP: 2/82 [electric eel/bolt of electricity (2)]
  6653 | D:7      | Killed from afar by an electric eel

Skill      XL: |  1  2  3  4  5  6  7  8  9 |
---------------+----------------------------+-----
Maces & Flails | 3 4 5 6 9 10 | 10.0
Fighting       | 5 6 |  6.0
Armour         | 5 |  5.0
Shields        | 5 |  5.3

Action                   |  1- 3 |  4- 6 |  7- 9 || total
-------------------------+-------+-------+-------++-------
Melee: Flail             |   150 |   243 |   377 ||   770
       Unarmed           |       |       |     2 ||     2
  Use: Scroll            |       |     7 |     5 ||    12
       Potion            |       |     2 |     2 ||     4
  Eat: Chunk             |     1 |     6 |     9 ||    16
       Ration            |       |       |     1 ||     1
Armor: Scale mail        |    80 |   117 |   180 ||   377
Dodge: Dodged            |    49 |    66 |   115 ||   230
Block: Shield            |    71 |   112 |   207 ||   390
